 Dungeon Crawl Stone Soup version 0.31-a0-986-g5e6e4ef867 (webtiles) character file.

Game seed: 10466595436666791580

59 lunkers the Cudgeller (level 4, -1/38 HPs)
             Began as a Meteoran Fighter on Nov 20, 2023.
             Slain by a gnoll
             ... wielding a +0 spear
              (8 damage)
             ... on level 2 of the Dungeon.
             The game lasted 00:01:20 (436 turns).

lunkers the Cudgeller (Meteoran Fighter)             Turns: 436, Time: 00:01:21

Health: -1/38      AC:  6    Str: 18    XL:     4   Next: 46%
Magic:  5/5        EV: 10    Int:  9    God:
Gold:   17         SH:  5    Dex: 15    Spells: 3/3 levels left

rFire   . . .        a - +0 flail
rCold   . . .        c - +0 buckler
rNeg    . . .        b - +0 scale mail
rPois   .            (no helmet)
rElec   .            (no cloak)
rCorr   .            (no gloves)
SInv    .            (no boots)
Will    .....        (no amulet) Stlth
                     (no ring)
HPRegen 0.26/turn    (no ring)
MPRegen 0.09/turn

%: no passive effects
@: glowing
A: sense surroundings 1, otherworldly, glowing, explore regen
a: no special abilities


You were on level 2 of the Dungeon.
You visited 1 branch of the dungeon, and saw 2 of its levels.

You collected 17 gold pieces.

Inventory:

Hand Weapons
 a - a +0 flail (weapon)
Armour
 b - a +0 scale mail (worn)
 c - a +0 buckler (worn)
Scrolls
 e - a scroll of enchant weapon {unknown}
Potions
 d - a potion of might


   Skills:
 - Level 3.2 Fighting
 * Level 4.8 Maces & Flails
 - Level 3.2 Armour
 + Level 2.0 Dodging
 - Level 3.2 Shields


You had 3 spell levels left.
You didn't know any spells.
Your spell library was empty.

Dungeon Overview and Level Annotations

Branches:
Dungeon (2/15) Zot: 737

Altars:


Innate Abilities, Weirdness & Mutations

You passively map a small area around you.
You are easily found by Zot.
You glow in the dark.
You regain HP and MP as you explore.


Message History

You hit the gnoll.
You kill the gnoll!
The rat closely misses you. The rat barely misses you.
Your Dodging skill increases to level 2!
You closely miss the rat. The gnoll barely misses you.
The rat bites you but does no damage. x2
Unknown command.
You hit the rat but do no damage. The gnoll closely misses you.
The rat closely misses you. The rat bites you but does no damage.
You sock the rat!
You kill the rat!
The gnoll hits you from afar with a +0 spear.
* * * LOW HITPOINT WARNING * * *
The rat completely misses you.
You completely miss the rat.
The gnoll hits you from afar with a +0 spear.
* * * LOW HITPOINT WARNING * * *
The rat bites you.
* * * LOW HITPOINT WARNING * * *
The gnoll misses you.
You completely miss the rat. The rat closely misses you.
The gnoll hits you from afar with a +0 spear.
* * * LOW HITPOINT WARNING * * *
You block the rat's attack.
You sock the rat!
You kill the rat!
You block the gnoll's attack.
The rat twitches its whiskers.
Unknown command.
Unknown command.
The gnoll hits you with a +0 spear.
* * * LOW HITPOINT WARNING * * *
You block the gnoll's attack.
Things that are here:
a +0 club; a rat corpse; a gnoll corpse You completely miss the gnoll.
The gnoll hits you with a +0 spear.
* * * LOW HITPOINT WARNING * * *
The gnoll barely misses you.
You barely miss the gnoll. The gnoll hits you with a +0 spear!
You die...

###### * #....# **
#....########## ###
##).....)....... *, gg
#.....########## * #. #.....#
# .#####)#### #.....# #####
..........#####.....######....
...[...†).rrg@................
#...##.##..g###†#####.....####
###, #. ###.# #.# .### * #.*
#.# ..#** # ** * ,.. *#..,...
, , ,, * #r ....### * , , ,
,.. ....., * ,, , , , , #.#...
**


You could see 2 gnolls and 2 rats.

Vanquished Creatures
  A gnoll (D:2)
  An adder (D:2)
  A dart slug (D:1)
  4 ball pythons (D:1)
  A bat (D:1)
  2 endoplasms (D:1)
  3 giant cockroaches
  A goblin (D:2)
  4 hobgoblins
  6 jackals (D:1)
  A quokka (D:1)
  3 frilled lizards (D:1)
  3 kobolds
  5 rats
36 creatures vanquished.

Notes
Turn   | Place    | Note
-------+----------+-------------------------------------------
     0 | D:1      | lunkers the Meteoran Fighter began the quest for the Orb.
     0 | D:1      | Reached XP level 1. HP: 19/19 MP: 2/2
    68 | D:1      | Reached skill level 3 in Maces & Flails
   100 | D:1      | Reached XP level 2. HP: 18/26 MP: 3/3
   121 | D:1      | Reached skill level 1 in Dodging
   187 | D:1      | Reached XP level 3. HP: 18/31 MP: 4/4
   195 | D:1      | Reached skill level 4 in Maces & Flails
   425 | D:2      | Reached XP level 4. HP: 24/38 MP: 5/5
   436 | D:2      | Slain by a gnoll

Illustrated notes

Levels and vault maps discovered:
D:1:      dpeg_arrival_three_same_balls, layout_loops_ring,
          nicolae_kite_square_tiling_tiny, item_on_display_b
D:2:      layout_rooms, basic_altar, kennysheep_generic_room_9, uniq_robin

Skill      XL: |  1  2  3  4 |
---------------+-------------+-----
Maces & Flails | 3 4 |  4.8
Dodging        | 1 2 |  2.0
Fighting       | |  3.2
Armour         | |  3.2
Shields        | |  3.2

Action                     |  1- 3 |  4- 6 || total
---------------------------+-------+-------++-------
  Melee: Flail             |    96 |    11 ||   107
 Armour: Scale mail        |    79 |    11 ||    90
  Dodge: Dodged            |    60 |     9 ||    69
  Block: Buckler           |    37 |     4 ||    41

Table legend: (Time is in decaauts)
 A = Elapsed time spent in this place.
 B = Non-inter-level travel time spent in this place.
 C = Inter-level travel time spent in this place.
 D = Time resting spent in this place.
 E = Time spent auto-exploring this place.
 F = Levels seen in this place.
 G = Mean time per level.
                   A        B        C        D        E       F      G
               +--------+--------+--------+--------+--------+-----+--------+
         Total |    461 |    461 |      0 |      0 |    256 |   2 |  230.5 |
       Dungeon |    461 |    461 |      0 |      0 |    256 |   2 |  230.5 |
               +--------+--------+--------+--------+--------+-----+--------+

Top non-repeatable levels by time:
     D:1: 381 daAuts
     D:2: 80 daAuts
